 Dungeon Crawl Stone Soup version 0.28-a0-10-g964c8b829e (webtiles) character file.

Game seed: 13143352840316929524

102130 slep the Warrior (level 15, -9/124 (132) HPs)
             Began as a Demonspawn Wanderer on July 26, 2021.
             Was a Plaything of Xom.
             Mangled by a fire dragon (11 damage)
             ... on level 15 of the Dungeon.
             The game lasted 02:16:39 (22018 turns).

slep the Warrior (Demonspawn Wanderer)             Turns: 22018, Time: 02:16:41

HP:   -9/124 (132)  AC: 12    Str: 20 (24) XL:     15   Next: 85%
MP:   29/29         EV: 22    Int: 10 (12) God:    Xom [..*...]
Gold: 1957          SH:  5    Dex: 14 (15) Spells: 27/30 levels left

rFire   . . .      SeeInvis .   S - +4 scimitar (freeze)
rCold   + . .      Faith    .   T - +0 buckler
rNeg    . . .      Spirit   .   v - +0 troll leather armour
rPois   +          Reflect  .   (helmet restricted)
rElec   .          Harm     .   i - +2 cloak
rCorr   .          Rampage  .   (gloves unavailable)
Will    +....                   D - +0 pair of boots
Stlth   ++++......              (no amulet)
HPRegen 1.30/turn               B - +4 ring of evasion
MPRegen 0.21/turn               g - +6 ring of strength

@: studying Evocations, drained
A: claws 3, thin metallic scales 2, demonic guardian 2, demonic magic 1,
antennae 2, camouflage 1, cold resistance 1, deterioration 1, dopey 1, high mp
1, mutation resistance 1, poison resistance, strong 1
a: Renounce Religion


You were on level 15 of the Dungeon.
You worshipped Xom.
You were a toy of Xom.
You visited 3 branches of the dungeon, and saw 22 of its levels.
You also visited: Ice Cave.

You collected 2477 gold pieces.
You spent 520 gold pieces at shops.

Inventory:

Hand Weapons
 a - a +2 hand crossbow
 o - a +2 mace of freezing
 R - a +3 war axe
 S - a +4 scimitar of freezing (weapon)
 W - the +5 short sword of Gakkocoz {antimagic, rPois rCorr}
   (You found it on level 15 of the Dungeon)

   It reduces the magical energy of the wielder, and disrupts the spells and
   magical abilities of those it strikes.
   Natural abilities and divine invocations are not affected.
   rPois:     It protects you from poison.
   rCorr:     It protects you from acid and corrosion.
Missiles
 b - 119 bolts
 e - 2 throwing nets
 m - 81 poisoned darts (quivered)
 x - 8 javelins
 C - 5 atropa-tipped darts
 U - 5 boomerangs
 X - 4 curare-tipped darts
Armour
 i - a +2 cloak (worn)
 q - a scarf of resistance
 v - a +0 troll leather armour (worn)
 y - the +0 pair of gloves "Wuutaud" {rElec Regen+ Int+9}
   (You found it on level 6 of the Dungeon)

   Int:       It affects your intelligence (+9).
   rElec:     It insulates you from electricity.
   Regen:     It increases your rate of health regeneration.
 D - a +0 pair of boots (worn)
 T - a +0 buckler (worn)
Jewellery
 g - a +6 ring of strength (right claw)
 B - a +4 ring of evasion (left claw)
Wands
 r - a wand of acid (16)
 t - a wand of flame (18)
 z - a wand of digging (9)
 F - a wand of paralysis (7)
 I - a wand of mindburst (5)
 Q - a wand of iceblast (2)
Scrolls
 c - 10 scrolls of teleportation
 f - 6 scrolls of enchant armour
 h - 2 scrolls of summoning
 j - 2 scrolls of silence
 n - 4 scrolls of identify
 u - 3 scrolls of fog
 w - 4 scrolls of magic mapping
 E - 3 scrolls of enchant weapon
 H - 2 scrolls of vulnerability {unknown}
 M - 4 scrolls of fear
 P - a scroll of holy word {unknown}
 V - a scroll of brand weapon {unknown}
 Z - a scroll of immolation {unknown}
Potions
 k - 3 potions of curing
 l - a potion of berserk rage {unknown}
 p - 4 potions of haste
 s - 5 potions of might
 A - a potion of flight
 J - a potion of ambrosia
 L - 2 potions of invisibility
 N - 2 potions of brilliance {unknown}
 O - 3 potions of resistance
 Y - a potion of cancellation {unknown}
Miscellaneous
 d - a piece from Xom's chessboard (15/15)
 K - a phial of floods


   Skills:
 + Level 16.4 Fighting
 - Level 0.7 Long Blades
 - Level 1.0 Maces & Flails
 - Level 1.0 Crossbows
 + Level 7.8 Throwing
 + Level 6.9 Armour
 + Level 13.2 Dodging
 + Level 7.1 Stealth
 - Level 5.5 Shields
 - Level 8.2 Spellcasting
 + Level 1.2 Conjurations
 + Level 1.2 Hexes
 + Level 1.2 Summonings
 + Level 1.3 Necromancy
 + Level 1.5 Translocations
 + Level 1.1 Transmutations
 + Level 1.1 Fire Magic
 + Level 1.1 Ice Magic
 + Level 1.1 Air Magic
 + Level 1.5 Earth Magic
 + Level 1.2 Poison Magic
 + Level 1.7 Invocations
 + Level 4.5 Evocations


You had 27 spell levels left.
You knew the following spells:

 Your Spells              Type           Power      Damage    Failure   Level
a - Inner Flame           Hex/Fire       6%         N/A       34%         3

Your spell library contained the following spells:

 Spells                   Type           Power      Damage    Failure   Level
 Apportation              Tloc           14%        N/A       10%         1
 Beastly Appendage        Tmut           12%        N/A       12%         1
 Foxfire                  Conj/Fire      24%        2x1d5     12%         1
 Magic Dart               Conj           24%        1d4       12%         1
 Blink                    Tloc           N/A        N/A       16%         2
 Call Imp                 Summ           6%         N/A       17%         2
 Poisonous Vapours        Pois/Air       12%        N/A       17%         2
 Slow                     Hex            6%         N/A       17%         2
 Wereblood                Tmut           6%         N/A       19%         2
 Portal Projectile        Hex/Tloc       12%        N/A       32%         3
 Call Canine Familiar     Summ           6%         N/A       34%         3
 Confusing Touch          Hex            6%         N/A       34%         3
 Conjure Flame            Conj/Fire      6%         6-21      34%         3
 Mephitic Cloud           Conj/Pois/Air  6%         N/A       34%         3
 Spider Form              Tmut/Pois      3%         N/A       34%         3
 Leda's Liquefaction      Hex/Erth       3%         N/A       71%         4
 Olgreb's Toxic Radiance  Pois           6%         N/A       75%         4
 Manifold Assault         Tloc           7%         N/A       95%         5
 Borgnjor's Vile Clutch   Necr/Erth      3%         N/A       96%         5
 Summon Forest            Summ/Tloc      3%         N/A       96%         5
 Alistair's Intoxication  Tmut/Pois      4%         N/A       97%         5
 Freezing Cloud           Conj/Ice/Air   3%         6-21      97%         5
 Summon Mana Viper        Hex/Summ       6%         N/A       97%         5
 Yara's Violent Unravell  Hex/Tmut       3%         3d4       97%         5
 Eringya's Noxious Bog    Tmut/Pois      3%         N/A       100%        6
 Invisibility             Hex            3%         N/A       100%        6
 Shadow Creatures         Summ           N/A        N/A       100%        6
 Ozocubu's Refrigeration  Ice            3%         4d5       100%        7
 Storm Form               Tmut/Air       3%         N/A       100%        7
 Ignition                 Fire           3%         3d4       100%        8


Dungeon Overview and Level Annotations

Branches:
Dungeon (15/15)            Temple (1/1) D:7            Lair (6/6) D:9
  Swamp (0/4) Lair:2        Snake (0/4) Lair:3        Slime (0/5) Lair:5
    Orc (0/2) D:11         Vaults (0/5) D:13         Depths (0/5) D:15
  IceCv (visited)

Altars:
Ashenzari
Cheibriados
Dithmenos
Elyvilon
Fedhas
Gozag
Hepliaklqana
Kikubaaqudgha
Makhleb
Nemelex Xobeh
Okawaru
Qazlal
Ru
Sif Muna
Trog
Uskayaw
Vehumet
Wu Jian
Xom
Yredelemnul
Zin
The Shining One

Shops:
D:11 =   D:14 (

Annotations:
D:14 exclusion: obsidian statue


Innate Abilities, Weirdness & Mutations

You have claws for hands.
You are mostly covered in thin metallic scales. (AC +3)
A demonic guardian rushes to your aid.
Spells you cast may paralyse adjacent enemies.
You have a pair of antennae on your head.
Your skin changes colour to match your surroundings (Stealth+).
Your flesh is cold resistant. (rC+)
Your body sometimes deteriorates upon taking damage.
You are dopey. (Int -2)
You have an increased reservoir of magic. (+10% MP)
You are somewhat resistant to further mutation.
Your system is resistant to poisons. (rPois)
Your muscles are strong. (Str +2)


Message History

Your body deteriorates!
You feel weakened.
Found 50 gold pieces.
Found a staircase to the Depths.
Unknown command.
Unknown command.
Okay, then.
Unknown command. "Hum-dee-hum-dee-hum..."
The fire dragon suddenly seems more agile.
The fire dragon misses you. x2; The fire dragon tramples you.
You stumble backwards!
Unknown command.
You hit the fire dragon but do no damage.
An ice dragon comes into view.
The fire dragon bites you! The fire dragon completely misses you.
The fire dragon barely misses you.
Unknown command.
You miss the fire dragon. The fire dragon completely misses you.
The fire dragon claws you but does no damage.
The fire dragon completely misses you.
Unknown command.
You hit the fire dragon but do no damage.
The fire dragon breathes flames at you. The blast of flame hits you!!!
* * * LOW HITPOINT WARNING * * *
Your body deteriorates!
You feel clumsy.
A shower of butterflies erupts from you!
A demonic guardian appears!
The blast of flame hits your butterfly!!!
Your butterfly dies!
The ice dragon breathes frost at you. The blast of cold hits you!! You resist.
* * * LOW HITPOINT WARNING * * *
The blast of cold hits your butterfly!!!
Your butterfly dies!
The ice dragon bites you but does no damage.
The ice dragon claws you but does no damage.
The ice dragon tramples you but does no damage.
The fire dragon bites you!
You die...
Xom cackles wildly!

####.#.# #
#.#.# # #.#.#
# #.#.# #
#.#.# { .
..#.# { #
###.# #######
# ##$$3$b##
#...bD@.#
#>.#####Db...#
b##...# ## 8..
.


You could see a fire dragon (agile, catching breath, ally target), an ice dragon
and a friendly soul eater (summoned).

Vanquished Creatures
  The ghost of Tussaus the Reanimator, a journeyman NaNe of Cheibriados (Lair:6)
  Snorg (D:11)
  5 hydras
  Fannar (Lair:1)
  2 boulder beetles
  3 centaur warriors
  3 two-headed ogres
  3 tengu warriors (D:14)
  4 death yaks (IceCv)
  A fire crab (shapeshifter) (D:14)
  Sonja (Lair:6)
  A goliath frog (Lair:6)
  2 necromancers (D:13)
  A harpy (Lair:5)
  An oklob plant (Lair:4)
  9 ugly things
  5 manticores
  A cyclops (D:14)
  An elephant (shapeshifter) (Lair:6)
  22 elephants
  An ice statue (IceCv)
  24 cane toads
  7 black mambas
  A gargoyle (D:9)
  8 rime drakes
  2 unseen horrors
  7 komodo dragons
  4 trolls
  5 polar bears
  4 tyrant leeches
  12 slime creatures
  A meliai zombie (D:11)
  27 blink frogs
  6 dream sheep
  A shadow (D:7)
  A vampire (D:13)
  5 wyverns
  A fire elemental (Lair:5)
  4 wraiths
  64 yaks
  3 basilisks
  17 vampire mosquitoes
  A steam dragon (Lair:2)
  2 nagas (Lair:3)
  3 swamp worms (Lair:2)
  10 water moccasins
  A black bear (shapeshifter) (D:13)
  4 black bears
  2 ice beasts
  3 orc warriors
  A hornet zombie (D:6)
  A sky beast (D:7)
  14 centaurs
  14 wolves
  2 ogres
  A phantom (D:6)
  7 kobold brigands
  13 bullfrogs
  5 scorpions
  2 gnoll sergeants
  A water moccasin zombie (D:5)
  10 killer bees
  10 wights
  5 electric eels
  A bullfrog zombie (D:7)
  2 quasits (D:14)
  5 centaur zombies
  An orc priest (D:6)
  A bullfrog skeleton (D:2)
  2 hounds
  Crazy Yiuf (D:6)
  3 centaur skeletons
  16 jellies
  An iguana (D:6)
  9 orc wizards
  A killer bee zombie (D:7)
  A hound zombie (D:5)
  A hound skeleton (D:4)
  3 howler monkey zombies
  A howler monkey skeleton (D:7)
  6 gnolls
  9 adders
  3 ufetubi
  An adder zombie (D:5)
  2 worms
  2 dart slugs (D:1)
  21 orcs
  3 ball pythons
  7 bats
  4 endoplasms
  2 giant cockroaches (D:1)
  8 goblins
  5 hobgoblins
  8 jackals
  5 quokkas
  3 frilled lizards
  17 kobolds
  2 rats
  A spectral orc (D:14)
543 creatures vanquished.

Vanquished Creatures (collateral kills)
  A frost giant (IceCv)
  A rakshasa (D:13)
  Harold (D:11)
  5 hydras
  A tengu warrior (D:14)
  3 death yaks (IceCv)
  8 elephants
  A guardian serpent (shapeshifter) (Lair:5)
  5 cane toads
  2 rime drakes
  2 polar bears (IceCv)
  A troll (D:13)
  A wind drake (Lair:5)
  A meliai zombie (D:11)
  3 blink frogs
  A shadow (D:12)
  9 yaks
  A vampire mosquito (D:13)
  2 water moccasins (D:9)
  3 wolves
  3 bullfrogs
  2 orc priests (D:9)
  An orc wizard (D:9)
  3 gnolls (D:9)
  5 orcs (D:9)
  2 kobolds (D:14)
68 creatures vanquished.

Vanquished Creatures (others)
  A hydra (D:13)
  A death yak (IceCv)
  A cane toad (Lair:6)
  A vampire mosquito (D:13)
  4 bushes
  122 fungi
  213 plants
343 creatures vanquished.

Grand Total: 954 creatures vanquished

Notes
Turn   | Place    | Note
-------+----------+-------------------------------------------
     0 | D:1      | slep the Demonspawn Wanderer began the quest for the Orb.
     0 | D:1      | slep set off with the following items: a +2 hand crossbow,
                  | 24 bolts, a scroll of teleportation, a piece from Xom's
                  | chessboard (15/15), a +0 robe
     0 | D:1      | Reached XP level 1. HP: 21/21 MP: 1/1
   132 | D:2      | Gained mutation: You are partially covered in thin metallic
                  | scales. (AC +2) [demonic ancestry]
   132 | D:2      | Reached XP level 2. HP: 21/28 MP: 2/2
   132 | D:2      | Reached XP level 3. HP: 25/34 MP: 3/3
   356 | D:2      | Reached skill level 6 in Fighting
   592 | D:4      | Noticed a scorpion
   604 | D:4      | Killed a scorpion
   605 | D:4      | Reached XP level 4. HP: 40/41 MP: 4/4
  1011 | D:4      | Noticed a scorpion
  1016 | D:4      | Killed a scorpion
  1017 | D:4      | Reached skill level 7 in Fighting
  1017 | D:4      | Reached XP level 5. HP: 48/48 MP: 5/5
  1376 | D:4      | Found a bloodstained altar of Trog.
  1503 | D:4      | Noticed a black bear
  1513 | D:4      | Killed a black bear
  1514 | D:4      | Reached skill level 1 in Dodging
  1514 | D:4      | Reached skill level 1 in Stealth
  1514 | D:4      | Gained mutation: You have sharp fingernails. [demonic
                  | ancestry]
  1514 | D:4      | Reached XP level 6. HP: 54/56 MP: 6/6
  1902 | D:4      | Found a shimmering blue altar of Sif Muna.
  2066 | D:5      | Entered Level 5 of the Dungeon
  2094 | D:5      | Reached skill level 8 in Fighting
  2324 | D:5      | Reached XP level 7. HP: 61/63 MP: 7/7
  2423 | D:5      | Noticed a troll
  2429 | D:5      | Killed a troll
  2430 | D:5      | Reached skill level 9 in Fighting
  2763 | D:6      | Identified the +0 pair of gloves "Wuutaud" {rElec Regen+
                  | Int+9}
  2812 | D:6      | Gained mutation: Spells you cast may paralyse adjacent
                  | enemies. [demonic ancestry]
  2812 | D:6      | Reached XP level 8. HP: 72/72 MP: 8/8
  3041 | D:6      | Reached skill level 10 in Fighting
  3626 | D:6      | Found a runed translucent door.
  3718 | D:6      | Noticed Crazy Yiuf
  3965 | D:7      | Reached XP level 9. HP: 79/79 MP: 9/9
  4101 | D:7      | Found a radiant altar of Vehumet.
  4133 | D:7      | Found a staircase to the Ecumenical Temple.
  4142 | Temple   | Entered the Ecumenical Temple
  4199 | Temple   | Became a worshipper of Xom of Chaos
  4296 | D:6      | XOM: silly message
  4303 | D:6      | Killed Crazy Yiuf
  4512 | D:3      | XOM: silly message
  4583 | D:3      | XOM: silly message
  5284 | D:2      | XOM: silly message
  5345 | D:2      | Found a shadowy altar of Dithmenos.
  5814 | D:1      | Found a faded altar of an unknown god.
  5891 | D:1      | XOM is BORED!
  5891 | D:1      | XOM: give mutations
  5891 | D:1      | Gained mutation: You are weak. (Str -2) [Xom's mischief]
  5891 | D:1      | Gained mutation: You are clumsy. (Dex -2) [Xom's mischief]
  5891 | D:1      | Gained mutation: You are dopey. (Int -2) [Xom's mischief]
  5891 | D:1      | Gained mutation: You occasionally shout uncontrollably at
                  | your foes. [Xom's mischief]
  6319 | D:7      | XOM: cloud trail
  6390 | D:7      | XOM: give mutations
  6390 | D:7      | Gained mutation: You sometimes lose the ability to read
                  | scrolls when taking damage. [Xom's mischief]
  6390 | D:7      | Gained mutation: You have large cloven feet. [Xom's
                  | mischief]
  6390 | D:7      | Gained mutation: You are frail. (-10% HP) [Xom's mischief]
  6616 | D:7      | Reached skill level 11 in Fighting
  6759 | D:8      | Found a basalt altar of Yredelemnul.
  6817 | D:8      | Noticed a two-headed ogre
  6829 | D:8      | Reached skill level 1 in Throwing
  6844 | D:8      | XOM: give mutations
  6844 | D:8      | Lost mutation: You are dopey. (Int -2) [Xom's grace]
  6844 | D:8      | Gained mutation: Your system is resistant to poisons.
                  | (rPois) [Xom's grace]
  6844 | D:8      | Gained mutation: You have a pair of small antennae on your
                  | head. [Xom's grace]
  6844 | D:8      | Gained mutation: Your mind is acute. (Int +2) [Xom's grace]
  6847 | D:8      | XOM: enchant monster (good)
  6849 | D:8      | XOM: enchant monster (bad)
  6860 | D:8      | Killed a two-headed ogre
  6861 | D:8      | Reached skill level 5 in Dodging
  6998 | D:8      | XOM: silly message
  7003 | D:8      | XOM: blink monster(s)
  7004 | D:8      | XOM: chaos upgrade
  7189 | D:8      | XOM: noise
  7193 | D:8      | XOM: divination: magic mapping
  7212 | D:8      | XOM: chaos upgrade
  7216 | D:8      | Gained mutation: You have very sharp fingernails. [demonic
                  | ancestry]
  7216 | D:8      | Reached XP level 10. HP: 79/79 MP: 10/10
  7481 | D:9      | XOM: divination: detect items
  7543 | D:9      | Found a hide-covered altar of Uskayaw.
  7562 | D:9      | Reached skill level 1 in Spellcasting
  7596 | D:9      | XOM: fake destruction
  7603 | D:9      | Reached skill level 12 in Fighting
  7700 | D:9      | Found a staircase to the Lair.
  7801 | D:9      | Noticed a gargoyle
  7808 | D:9      | Killed a gargoyle
  7821 | D:9      | XOM: stat loss: -1 Dex (11/12)
  8033 | D:10     | Entered Level 10 of the Dungeon
  8052 | D:10     | Gained mutation: A weak demonic guardian rushes to your
                  | aid. [demonic ancestry]
  8052 | D:10     | Reached XP level 11. HP: 86/86 MP: 16/16
  8080 | D:10     | XOM: summons 3 hostile demons
  8108 | D:10     | XOM: give mutation
  8108 | D:10     | Gained mutation: You frequently scream uncontrollably at
                  | your foes. [Xom's mischief]
  8202 | D:10     | XOM: blink monster(s)
  8216 | D:10     | XOM: enchant monster (good)
  8242 | D:10     | Found an ornate altar of the Wu Jian Council.
  8287 | D:10     | Found Eclon's Distillery.
  8428 | D:10     | XOM: enchant monster (bad)
  8757 | D:10     | XOM: summons 6 hostile demons
  8972 | D:11     | Noticed a green ugly thing
  8980 | D:11     | Killed a green ugly thing
  9036 | D:11     | XOM: summons 3 hostile shadow creatures
  9071 | D:11     | Found Fomaecwa's Jewellery Emporium.
  9133 | D:11     | XOM: polymorph hellwing -> sun demon
  9140 | D:11     | Reached skill level 1 in Shields
  9188 | D:11     | Noticed Harold
  9190 | D:11     | Found a staircase to the Orcish Mines.
  9200 | D:11     | Killed Harold
  9201 | D:11     | Reached skill level 5 in Armour
  9275 | D:10     | Bought a potion of haste for 130 gold pieces
  9275 | D:10     | Bought a potion of heal wounds for 65 gold pieces
  9275 | D:10     | Bought a potion of curing for 39 gold pieces
  9275 | D:10     | Bought a potion of flight for 39 gold pieces
  9275 | D:10     | Bought a potion of invisibility for 104 gold pieces
  9275 | D:10     | Bought a potion of curing for 39 gold pieces
  9275 | D:10     | Bought a potion of ambrosia for 104 gold pieces
  9320 | D:11     | Identified 3 scrolls of acquirement
  9326 | D:11     | Lost mutation: You sometimes lose the ability to read
                  | scrolls when taking damage. [potion of mutation]
  9326 | D:11     | Lost mutation: You are frail. (-10% HP) [potion of
                  | mutation]
  9326 | D:11     | Lost mutation: You are clumsy. (Dex -2) [potion of
                  | mutation]
  9326 | D:11     | Lost mutation: You are weak. (Str -2) [potion of mutation]
  9327 | D:11     | Lost mutation: You frequently scream uncontrollably at your
                  | foes. [potion of mutation]
  9327 | D:11     | Lost mutation: Your mind is acute. (Int +2) [potion of
                  | mutation]
  9327 | D:11     | Gained mutation: You are dopey. (Int -2) [potion of
                  | mutation]
  9337 | D:11     | Acquired a manual of Evocations
  9341 | D:11     | Acquired 588 gold pieces
  9384 | D:11     | Noticed Snorg
  9421 | D:11     | XOM: fake destruction
  9457 | D:11     | XOM: cast spell 'Call Canine Familiar'
  9468 | D:11     | Killed Snorg
  9469 | D:11     | Reached skill level 13 in Fighting
  9480 | D:11     | XOM: cloud trail
  9566 | D:11     | XOM: silly message
  9845 | D:12     | XOM: noise
  9896 | D:12     | Reached skill level 5 in Spellcasting
  9931 | D:12     | Noticed a two-headed ogre
  9942 | D:12     | Killed a two-headed ogre
 10037 | D:12     | Noticed a seven-headed hydra
 10102 | D:12     | XOM: enchant monster (bad)
 10111 | D:12     | Killed a seven-headed hydra
 10166 | D:12     | Found an iron altar of Okawaru.
 10378 | D:13     | XOM: confusion (+ monsters)
 10381 | D:13     | Noticed a seven-headed hydra
 10395 | D:13     | XOM: blink monster(s)
 10415 | D:12     | Gained mutation: You are mostly covered in thin metallic
                  | scales. (AC +3) [demonic ancestry]
 10415 | D:12     | Reached XP level 12. HP: 105/105 MP: 20/20
 10584 | D:13     | Noticed an eight-headed hydra
 10588 | D:13     | XOM: potion effect (experience)
 10588 | D:13     | Reached skill level 5 in Stealth
 10588 | D:13     | Reached skill level 1 in Conjurations
 10588 | D:13     | Reached skill level 1 in Hexes
 10588 | D:13     | Reached skill level 1 in Summonings
 10588 | D:13     | Reached skill level 1 in Necromancy
 10588 | D:13     | Reached skill level 1 in Translocations
 10588 | D:13     | Reached skill level 1 in Transmutations
 10588 | D:13     | Reached skill level 1 in Fire Magic
 10588 | D:13     | Reached skill level 1 in Ice Magic
 10588 | D:13     | Reached skill level 1 in Air Magic
 10588 | D:13     | Reached skill level 1 in Earth Magic
 10588 | D:13     | Reached skill level 1 in Poison Magic
 10588 | D:13     | Reached skill level 1 in Invocations
 10588 | D:13     | Gained mutation: A demonic guardian rushes to your aid.
                  | [demonic ancestry]
 10588 | D:13     | Reached XP level 13. HP: 111/111 MP: 20/22
 10621 | D:13     | XOM: 1-stop teleportation journey
 10702 | D:13     | XOM: noise
 10910 | D:13     | Found a gate to the Vaults.
 10925 | D:13     | XOM: noise
 10933 | D:13     | XOM: summons 2 hostile demons
 10951 | D:13     | XOM: cast spell 'Leda's Liquefaction'
 11126 | D:13     | Reached skill level 5 in Throwing
 11137 | D:13     | XOM: give mutations
 11137 | D:13     | Gained mutation: Your flesh is heat resistant. (rF+) [Xom's
                  | grace]
 11137 | D:13     | Gained mutation: You are robust. (+10% HP) [Xom's grace]
 11175 | D:13     | XOM: divine lightning
 11179 | D:13     | XOM: destruction
 11191 | D:13     | XOM: divine lightning
 11202 | D:13     | XOM: summons 2 friendly demons
 11382 | D:13     | XOM: god gift: the Unrestrained Analects
 11728 | D:9      | XOM: give mutations
 11728 | D:9      | Gained mutation: You have claws for hands. [Xom's grace]
 11728 | D:9      | Gained mutation: Your natural rate of healing is unusually
                  | fast. [Xom's grace]
 11728 | D:9      | Gained mutation: You are agile. (Dex +2) [Xom's grace]
 11740 | Lair:1   | Entered Level 1 of the Lair of Beasts
 11868 | Lair:1   | Noticed Fannar
 11869 | Lair:1   | XOM: potion effect (haste)
 11895 | Lair:1   | XOM: enchant monster (good)
 11910 | Lair:1   | Killed Fannar
 11943 | Lair:1   | XOM: divination: detect creatures
 12032 | Lair:1   | XOM: cloud trail
 12533 | Lair:1   | XOM: divination: detect creatures
 12613 | Lair:2   | XOM: summons 3 friendly demons
 12620 | Lair:2   | XOM: scenery: create altars
 12621 | Lair:2   | XOM: divination: magic mapping
 12641 | Lair:2   | Reached skill level 14 in Fighting
 12783 | Lair:2   | Reached skill level 10 in Dodging
 12783 | Lair:2   | XOM: blink monster(s)
 12930 | Lair:2   | XOM: silly message
 13093 | Lair:2   | Found a frozen archway.
 13099 | IceCv    | Entered an ice cave
 13124 | IceCv    | Acquired 327 gold pieces
 13137 | IceCv    | XOM: summons 9 friendly demons
 13158 | IceCv    | XOM: stat loss: -1 Int (11/12)
 13165 | IceCv    | XOM: confusion
 13249 | IceCv    | XOM: noise
 13275 | IceCv    | Reached XP level 14. HP: 133/133 MP: 25/25
 13276 | IceCv    | XOM: confusion (+ monsters)
 13508 | IceCv    | XOM: scenery: summon butterflies
 13601 | IceCv    | XOM: 3-stop teleportation journey
 13645 | IceCv    | XOM: cast spell 'Leda's Liquefaction'
 13662 | IceCv    | Reached skill level 5 in Shields
 13703 | IceCv    | XOM: potion effect (might)
 13746 | IceCv    | Noticed a frost giant
 13765 | IceCv    | Killed a frost giant
 13852 | IceCv    | XOM: give mutations
 13852 | IceCv    | Gained mutation: You are weak. (Str -2) [Xom's mischief]
 13852 | IceCv    | Lost mutation: You are robust. (+10% HP) [Xom's mischief]
 13953 | IceCv    | XOM: summons 1 hostile shadow creature
 14213 | IceCv    | Lost mutation: Your flesh is heat resistant. (rF+) [potion
                  | of mutation]
 14213 | IceCv    | Lost mutation: You occasionally shout uncontrollably at
                  | your foes. [potion of mutation]
 14213 | IceCv    | Lost mutation: Your natural rate of healing is unusually
                  | fast. [potion of mutation]
 14213 | IceCv    | Gained mutation: You have a pair of antennae on your head.
                  | [potion of mutation]
 14213 | IceCv    | Gained mutation: Your body sometimes deteriorates upon
                  | taking damage. [potion of mutation]
 14213 | IceCv    | Gained mutation: You expend magic power (3 MP) to
                  | strengthen your wands. [potion of mutation]
 14214 | IceCv    | Lost mutation: You have large cloven feet. [potion of
                  | mutation]
 14214 | IceCv    | Lost mutation: You expend magic power (3 MP) to strengthen
                  | your wands. [potion of mutation]
 14214 | IceCv    | Lost mutation: You are weak. (Str -2) [potion of mutation]
 14214 | IceCv    | Lost mutation: You are agile. (Dex +2) [potion of mutation]
 14214 | IceCv    | Gained mutation: Your flesh is heat resistant. (rF+)
                  | [potion of mutation]
 14214 | IceCv    | Gained mutation: You have an increased reservoir of magic.
                  | (+10% MP) [potion of mutation]
 14214 | IceCv    | Gained mutation: Your spells are a little harder to cast,
                  | but a little more powerful. [potion of mutation]
 14255 | Lair:2   | XOM: polymorph blink frog -> cane toad
 14273 | Lair:2   | XOM: polymorph blink frog -> ice beast
 14423 | Lair:2   | Found a staircase to the Swamp.
 14675 | Lair:3   | XOM: stealth player
 14698 | Lair:3   | XOM: noise
 14770 | Lair:3   | XOM: summons 1 hostile demon
 14843 | Lair:3   | XOM: 2-stop teleportation journey
 14868 | Lair:3   | Found a staircase to the Snake Pit.
 14911 | Lair:3   | XOM: 1-stop teleportation journey
 14921 | Lair:3   | XOM: swap monsters
 15083 | Lair:3   | XOM: confuse monster(s)
 15209 | Lair:3   | XOM: cloud trail
 15270 | Lair:3   | XOM: enchant monster (bad)
 15689 | Lair:4   | You fall into a shaft and drop 2 floors!
 15689 | Lair:6   | Entered Level 6 of the Lair of Beasts
 15701 | Lair:6   | Noticed Sonja
 15863 | Lair:6   | XOM: divination: detect items
 15904 | Lair:6   | XOM: polymorph blink frog -> glowing shapeshifter
 15920 | Lair:6   | XOM: potion effect (heal wounds)
 15921 | Lair:6   | XOM: smoke on damage
 15928 | Lair:6   | XOM: destruction
 15945 | Lair:5   | XOM: silly message
 16178 | Lair:5   | Found a staircase to the Slime Pits.
 16192 | Lair:5   | XOM: silly message
 16307 | Lair:5   | XOM: polymorph yak -> harpy
 16310 | Lair:5   | Reached skill level 15 in Fighting
 16344 | Lair:5   | You fall into a shaft and drop 1 floor!
 16432 | Lair:6   | XOM: 9-stop teleportation journey
 16664 | Lair:5   | XOM: divine lightning
 16676 | Lair:5   | XOM: fake destruction
 16682 | Lair:5   | XOM: 1-stop teleportation journey
 16851 | Lair:5   | XOM: scenery: summon butterflies
 16948 | Lair:5   | XOM: silly message
 16960 | Lair:5   | XOM: swap monsters
 16961 | Lair:5   | XOM: polymorph elephant -> wind drake
 16962 | Lair:5   | XOM: blink monster(s)
 16963 | Lair:5   | XOM: summons 2 friendly demons
 16984 | Lair:5   | HP: 5/123 [wind drake/the air (21)]
 16991 | Lair:5   | HP: 5/123 [wind drake/the air (17)]
 17098 | Lair:5   | XOM: give mutation
 17098 | Lair:5   | Gained mutation: You are somewhat resistant to further
                  | mutation. [Xom's mischief]
 17125 | Lair:5   | XOM: give mutations
 17125 | Lair:5   | Gained mutation: Your flesh is cold resistant. (rC+) [Xom's
                  | grace]
 17125 | Lair:5   | Gained mutation: Your muscles are strong. (Str +2) [Xom's
                  | grace]
 17125 | Lair:5   | Gained mutation: Your skin changes colour to match your
                  | surroundings (Stealth+). [Xom's grace]
 17125 | Lair:5   | Gained mutation: A frigid envelope surrounds you and
                  | freezes all who hurt you. [Xom's grace]
 17135 | Lair:5   | XOM: polymorph elephant -> shapeshifter
 17140 | Lair:5   | XOM: chaos cloud
 17681 | Lair:4   | XOM: noise
 17687 | Lair:4   | XOM: enchant monster (bad)
 17815 | Lair:4   | Reached XP level 15. HP: 119/129 MP: 29/29
 17882 | Lair:4   | XOM: potion effect (heal wounds)
 18056 | Lair:4   | XOM: divination: detect items
 18333 | Lair:6   | Killed Sonja
 18335 | Lair:6   | XOM: blink monster(s)
 18343 | Lair:6   | XOM: confuse monster(s)
 18362 | Lair:6   | XOM: potion effect (invisibility)
 18378 | Lair:6   | XOM: divine lightning
 18485 | Lair:6   | XOM: god gift: tapered wooden wand {god gift}
 18497 | Lair:6   | XOM: confuse monster(s)
 18531 | Lair:6   | XOM: scenery: summon butterflies
 18539 | Lair:6   | XOM: polymorph butterfly -> killer bee
 18748 | Lair:6   | XOM: summons 6 friendly demons
 18772 | Lair:5   | XOM: cloud trail
 18920 | Lair:4   | XOM: summons 1 hostile shadow creature
 19036 | Lair:5   | XOM: summons 1 hostile shadow creature
 19046 | Lair:5   | Learned a level 3 spell: Inner Flame
 19105 | Lair:5   | XOM: god gift: 42 gold pieces
 19110 | Lair:6   | XOM: summons friendly shadow imp
 19167 | Lair:6   | XOM: potion effect (might)
 19250 | Lair:6   | XOM: 1-stop teleportation journey
 19285 | Lair:6   | XOM: enchant monster (good)
 19293 | Lair:6   | Reached skill level 16 in Fighting
 19419 | Lair:6   | Found a runed translucent door.
 19419 | Lair:6   | Noticed Tussaus's ghost (journeyman NaNe)
 19429 | Lair:6   | XOM: 1-stop teleportation journey
 19464 | Lair:6   | XOM: fog
 19640 | Lair:6   | XOM: cast spell 'Discord'
 19664 | Lair:6   | XOM: potion effect (berserk rage)
 19667 | Lair:6   | XOM: blink monster(s)
 19672 | Lair:6   | XOM: enchant monster (good)
 19682 | Lair:6   | Killed Tussaus's ghost
 19698 | Lair:6   | XOM: divination: detect items
 20257 | D:14     | Lost mutation: Your spells are a little harder to cast, but
                  | a little more powerful. [potion of mutation]
 20257 | D:14     | Lost mutation: A frigid envelope surrounds you and freezes
                  | all who hurt you. [potion of mutation]
 20257 | D:14     | Lost mutation: Your flesh is heat resistant. (rF+) [potion
                  | of mutation]
 20365 | D:14     | XOM: summons friendly quasit
 20527 | D:14     | XOM: summons 6 hostile demons
 20533 | D:14     | XOM: confusion
 20626 | D:14     | XOM: silly message
 20713 | D:14     | XOM: 1-stop teleportation journey
 20718 | D:14     | XOM: divination: detect creatures
 21122 | D:14     | Found Baeskoff's Weapon Emporium.
 21153 | D:14     | Found a hazy altar of Hepliaklqana.
 21211 | D:14     | XOM: summons friendly white imp
 21349 | D:14     | XOM: cloud trail
 21364 | D:14     | XOM: divination: detect items
 21652 | D:14     | Found a sacrificial altar of Ru.
 21769 | D:15     | Entered Level 15 of the Dungeon
 21776 | D:15     | Identified the +5 short sword of Gakkocoz {antimagic, rPois
                  | rCorr}
 21827 | D:15     | XOM: god gift: 16 gold pieces
 22014 | D:15     | Found a staircase to the Depths.
 22015 | D:15     | XOM: enchant monster (bad)
 22018 | D:15     | XOM: butterfly on damage
 22018 | D:15     | HP: 2/124 [ice dragon/blast of cold (22)]
 22018 | D:15     | Mangled by a fire dragon

Illustrated notes

Levels and vault maps discovered:
D:1:      dpeg_arrival_pond, layout_rooms, shapermc_ecumenical_altar_venn
D:2:      layout_loops_ring, basic_altar, kennysheep_cluttered_room,
          minmay_heptomino_h4
D:3:      layout_loops_corners, saegor_snake_ambush
D:4:      layout_layer_cave, nicolae_overflow_hidden_temple,
          nicolae_sif_muna_little_library
D:5:      layout_basic
D:6:      layout_cave_pods, minmay_starry_boxes, uniq_crazy_yiuf_cottage
D:7:      layout_cave_pools, lemuel_doored_altar,
          minmay_temple_entry_glassed_door
D:8:      layout_rooms, amcnicky_altar_gilded
D:9:      layout_roguey, mainiacjoe_overflow_alcove_1,
          mainiacjoe_overflow_catwalk, due_lair_maze_entry_diamond
D:10:     layout_loops_ring, mainiacjoe_overflow_swirl, serial_shops,
          nicolae_take_the_stairs, amcnicky_mini_corridor_feature
D:11:     layout_roguey, orc_0_dummy, serial_shops, shop, minmay_microvault,
          uniq_snorg, uniq_harold
D:12:     layout_roguey, kennysheep_big_empty_room, okawaru_altar_gauntlet_db
D:13:     layout_irregular_city, david_vaults_1, lemuel_flamethrower_2
D:14:     kennysheep_kobold_grotto, layout_loops_ring, serial_shops, shop,
          nicolae_ru_the_path_less_chosen,
          nicolae_hepliaklqana_monster_ancestors
D:15:     grunt_enter_depths_hoard, layout_loops_ring, special_room
          [special_room_orc], nicolae_ashenzari_skybound
Temple:   jpeg_temple_clearing
Lair:1:   layout_chaotic_city, uniq_fannar
Lair:2:   layout_chaotic_city, palyth_hydra_swamp_entry, portal_ice_cave_rime
Lair:3:   layout_cellular_growth, guppyfry_snake_entry_garden
Lair:4:   layout_loops_ring, serial_bayou, serial_bayou_pond_d,
          serial_bayou_crossing, serial_bayou_shore_a, serial_bayou_pond_e,
          serial_bayou_ford_a, serial_bayou_pond_b, st_stairs_9
Lair:5:   layout_gridlike, minmay_slime_entry_jelly_boxes
Lair:6:   minmay_lair_end_frog_pond, layout_regular_city, gammafunk_ghost_grave,
          uniq_sonja

Skill      XL: |  1  2  3  4  5  6  7  8  9 10 11 12 13 14 15 |
---------------+----------------------------------------------+-----
Fighting       | 6 7 8 9 10 11 12 13 14 15 16 | 16.4
Dodging        | 1 2 3 5 7 8 9 10 12 13 | 13.2
Stealth        | 1 2 3 4 5 6 7 |  7.1
Armour         | 3 4 5 6 |  6.9
Throwing       | 2 3 4 5 6 7 |  7.8
Spellcasting   | 3 5 6 7 8 |  8.2
Shields        | 2 4 5 |  5.5
Conjurations   | 1 |  1.2
Hexes          | 1 |  1.2
Summonings     | 1 |  1.2
Necromancy     | 1 |  1.3
Translocations | 1 |  1.5
Transmutations | 1 |  1.1
Fire Magic     | 1 |  1.1
Ice Magic      | 1 |  1.1
Air Magic      | 1 |  1.1
Earth Magic    | 1 |  1.5
Poison Magic   | 1 |  1.2
Invocations    | 1 |  1.7
Evocations     | 3 4 |  4.5
Long Blades    | |  0.7
Maces & Flails | |  1.0
Crossbows      | |  1.0

Action                   |  1- 3 |  4- 6 |  7- 9 | 10-12 | 13-15 || total
-------------------------+-------+-------+-------+-------+-------++-------
Melee: Dire flail        |       |       |   349 |       |       ||   349
       War axe           |       |       |     1 |    25 |   247 ||   273
       Scimitar          |       |       |       |   424 |  1210 ||  1634
       Mace              |       |       |       |    13 |    87 ||   100
       Hand crossbow     |       |       |       |       |     1 ||     1
 Fire: Hand crossbow     |    39 |    84 |   132 |    46 |    36 ||   337
Throw: Dart              |       |       |    27 |    43 |   154 ||   224
       Boomerang         |       |       |       |       |    54 ||    54
       Javelin           |       |       |       |       |     3 ||     3
       Throwing net      |       |       |       |       |     1 ||     1
Evoke: Wand              |       |       |       |     6 |    21 ||    27
       Piece from Xom's  |       |       |       |       |     2 ||     2
  Use: Scroll            |       |       |       |     9 |    17 ||    26
       Potion            |       |       |       |     2 |    15 ||    17
 Stab: Sleeping          |       |       |     3 |     1 |    10 ||    14
       Distracted        |       |       |       |     2 |     8 ||    10
       Invisible         |       |       |       |       |     4 ||     4
       Petrified         |       |       |       |       |     3 ||     3
       Confused          |       |       |       |       |     3 ||     3
Armor: Robe              |     5 |    24 |     1 |       |       ||    30
       Troll leather arm |       |       |   168 |   155 |   557 ||   880
Dodge: Dodged            |     9 |    30 |   472 |   749 |  2514 ||  3774
Block: Buckler           |       |       |       |    79 |   653 ||   732
       Rpst.: Scimitar   |       |       |       |   122 |   445 ||   567

Table legend: (Time is in decaauts)
 A = Elapsed time spent in this place.
 B = Non-inter-level travel time spent in this place.
 C = Inter-level travel time spent in this place.
 D = Time resting spent in this place.
 E = Time spent auto-exploring this place.
 F = Levels seen in this place.
 G = Mean time per level.
                   A        B        C        D        E       F      G
               +--------+--------+--------+--------+--------+-----+--------+
         Total |  23112 |  21932 |   1180 |    760 |  13960 |  23 | 1004.9 |
       Dungeon |  14135 |  13291 |    844 |    257 |   9087 |  15 |  942.3 |
        Temple |    101 |     81 |     20 |      0 |     69 |   1 |  101.0 |
          Lair |   7673 |   7357 |    316 |    408 |   4362 |   6 | 1278.8 |
      Ice Cave |   1202 |   1202 |      0 |     95 |    441 |   1 | 1202.0 |
               +--------+--------+--------+--------+--------+-----+--------+

Top non-repeatable levels by time:
  Lair:6: 1793 daAuts
  Lair:5: 1732 daAuts
    D:14: 1613 daAuts
     D:4: 1595 daAuts
    D:13: 1332 daAuts
     D:6: 1218 daAuts
   IceCv: 1202 daAuts
  Lair:4: 1166 daAuts
  Lair:2: 1063 daAuts
  Lair:3: 1031 daAuts
     D:3: 933 daAuts
     D:2: 914 daAuts
    D:11: 910 daAuts
     D:9: 900 daAuts
  Lair:1: 885 daAuts
